 Dungeon Crawl Stone Soup version 0.31-a0-271-gb88eb75e06 (webtiles) character file.

Game seed: 15749124537742802015

128 porpoise the Shooter (level 5, -1/32 HPs)
             Began as a Tengu Hunter on July 15, 2023.
             Shot with an arrow by a centaur (10 damage)
             ... on level 3 of the Dungeon.
             The game lasted 00:07:59 (2717 turns).

porpoise the Shooter (Tengu Hunter)                 Turns: 2717, Time: 00:07:59

Health: -1/32      AC:  4    Str: 11    XL:     5   Next: 11%
Magic:  6/6        EV: 14    Int:  9    God:
Gold:   22         SH:  0    Dex: 20    Spells: 4/4 levels left

rFire   . . .        a - +0 shortbow
rCold   . . .        (shield currently unavailable)
rNeg    . . .        c - +0 leather armour
rPois   .            (helmet restricted)
rElec   .            e - +0 cloak
rCorr   .            (no gloves)
SInv    .            (boots unavailable)
Will    .....        (no amulet)
Stlth   ++           (no ring)
HPRegen 0.25/turn    (no ring)
MPRegen 0.10/turn

%: no passive effects
@: flying quickly and evasively, quick
A: beak, talons 3, nimble flight
a: no special abilities


You were on level 3 of the Dungeon.
You visited 1 branch of the dungeon, and saw 3 of its levels.

You collected 110 gold pieces.
You spent 88 gold pieces at shops.

Inventory:

Hand Weapons
 a - a +0 shortbow (weapon)
Missiles
 f - 9 poisoned darts
 j - 6 boomerangs
Armour
 c - a +0 leather armour (worn)
 e - a +0 cloak (worn)
Magical Staves
 n - a staff of poison
Jewellery
 p - a ring of fire
Wands
 q - a wand of charming (10)
Scrolls
 b - a scroll of butterflies
 h - 3 scrolls of teleportation
 i - a scroll of blinking {unknown}
 k - a scroll of vulnerability {unknown}
 r - a scroll of revelation {unknown}
Potions
 d - 3 potions of might
 g - a potion of haste
 l - 2 potions of attraction
 m - 2 potions of magic
 o - 4 potions of heal wounds {unknown}


   Skills:
 + Level 3.3 Fighting
 * Level 6.1 Ranged Weapons
 - Level 2.1 Dodging
 - Level 1.0 Stealth


You had 4 spell levels left.
You didn't know any spells.
Your spell library contained the following spells:

 Spells                   Type           Power      Damage    Failure   Level
 Ensorcelled Hibernation  Hex/Ice        0%         N/A       63%         2
 Anguish                  Hex/Necr       0%         N/A       99%         4


Dungeon Overview and Level Annotations

Branches:
Dungeon (3/15)

Altars:
Dithmenos
Uskayaw

Shops:
D:2 *[!(


Innate Abilities, Weirdness & Mutations

You have a beak for a mouth.
You have claws for feet.
Your magical nature lets you fly swiftly and evasively.


Message History

2 ball pythons come into view.
You shoot an arrow. The arrow hits the ball python.
The ball python hisses angrily.
The ball python is moderately wounded.
The ball python hisses angrily.
You shoot an arrow. The arrow hits the ball python.
You kill the ball python!
You shoot an arrow.
The arrow closely misses the ball python.
No target in view!
You shoot an arrow. The arrow hits the ball python!
You kill the ball python!
No target in view!
A quokka comes into view.
You shoot an arrow. The arrow hits the quokka!
You kill the quokka!
No target in view!
An orc comes into view. It is wielding a +0 dagger.
You shoot an arrow. The orc shouts!
The arrow hits the orc!
You kill the orc!
No target in view!
A centaur comes into view.
You shoot an arrow. The centaur shouts!
The arrow hits the centaur.
The centaur is lightly wounded.
The centaur wields a +0 orcbow.
The centaur shoots an arrow.
The arrow hits you!
The centaur shoots an arrow.
The arrow barely misses you.
You hear a shout!
You shoot an arrow. The arrow closely misses the centaur.
The centaur shoots an arrow.
The arrow misses you.
You hear a shout!
You shoot an arrow. The arrow hits the centaur.
The centaur is lightly wounded.
The centaur shoots an arrow.
The arrow hits you!
* * * LOW HITPOINT WARNING * * *
The centaur shoots an arrow.
The arrow hits you!
You die...

...#......
........###.......#.#.#.
.....c.)##..............
...........†......#.#.#.
.......................<
..................#.#.#.
........................
..................#.#.#.
#@................
#...........#.#.#.
#...#############. #...#
#. #...# #. #...# #.
#...# #...# #...#


You could see a centaur.

Vanquished Creatures
  A hound (D:3)
  3 adders
  2 worms (D:2)
  4 orcs (D:3)
  4 ball pythons
  5 endoplasms
  2 giant cockroaches
  6 goblins
  9 hobgoblins
  3 jackals (D:2)
  5 kobolds
  4 quokkas
  A bat (D:1)
  4 frilled lizards
  3 rats
56 creatures vanquished.

Notes
Turn   | Place    | Note
-------+----------+-------------------------------------------
     0 | D:1      | porpoise the Tengu Hunter began the quest for the Orb.
     0 | D:1      | Reached XP level 1. HP: 12/12 MP: 2/2
   167 | D:1      | Reached XP level 2. HP: 17/17 MP: 3/3
   696 | D:1      | Reached skill level 5 in Ranged Weapons
   977 | D:2      | Found Barurghy's Weapon Boutique.
  1055 | D:2      | Reached XP level 3. HP: 22/22 MP: 4/4
  1221 | D:2      | Found Rodumut's Distillery.
  1225 | D:2      | Bought a potion of degeneration for 10 gold pieces
  1272 | D:2      | Found a hide-covered altar of Uskayaw.
  1390 | D:2      | Found Ceteweb's Antique Armour Boutique.
  1403 | D:2      | Found Unaibbas's Assorted Antiques.
  1413 | D:2      | Bought a scroll labelled FADDOAZXITHA for 27 gold pieces
  1413 | D:2      | Bought a scroll labelled TUTWECV ZUICSUUME for 27 gold
                  | pieces
  1413 | D:2      | Bought a golden potion for 24 gold pieces
  1508 | D:2      | Identified the +1 pair of gloves of the Poles {*Slow rPois
                  | rCorr Dex+5}
  1803 | D:2      | Found a faded altar of an unknown god.
  2092 | D:3      | Reached XP level 4. HP: 27/27 MP: 5/5
  2228 | D:3      | Found a shadowy altar of Dithmenos.
  2338 | D:3      | Reached skill level 6 in Ranged Weapons
  2604 | D:3      | Gained mutation: Your magical nature lets you fly swiftly
                  | and evasively. [Tengu growth]
  2604 | D:3      | Reached XP level 5. HP: 27/32 MP: 6/6
  2714 | D:3      | Noticed a centaur
  2717 | D:3      | Shot with an arrow by a centaur

Illustrated notes

Levels and vault maps discovered:
D:1:      mrwooster_arrival_statue, layout_loops_ring
D:2:      layout_loops_corners, serial_shops, nicolae_shop_bloodbath_and_beyond,
          nicolae_shop_statue_plus, nicolae_shop_back_alley_shop,
          nicolae_shop_advertising_works [nicolae_subvault_shop_adworks],
          basic_altar, ebering_ecumenical_altar_hall,
          hangedman_decor_clover_reticule
D:3:      layout_basic, mainiacjoe_overflow_alcove_4, st_stairs_10

Skill      XL: |  1  2  3  4 |
---------------+-------------+-----
Ranged Weapons | 5 6 |  6.1
Fighting       | 3 |  3.3
Dodging        | |  2.1
Stealth        | |  1.0

Action                     |  1- 3 |  4- 6 || total
---------------------------+-------+-------++-------
   Fire: Shortbow          |    95 |    81 ||   176
    Use: Scroll            |     5 |       ||     5
 Armour: Leather armour    |     7 |    11 ||    18
  Dodge: Dodged            |    15 |    30 ||    45

Table legend: (Time is in decaauts)
 A = Elapsed time spent in this place.
 B = Non-inter-level travel time spent in this place.
 C = Inter-level travel time spent in this place.
 D = Time resting spent in this place.
 E = Time spent auto-exploring this place.
 F = Levels seen in this place.
 G = Mean time per level.
                   A        B        C        D        E       F      G
               +--------+--------+--------+--------+--------+-----+--------+
         Total |   2743 |   2636 |    107 |    463 |   1833 |   3 |  914.3 |
       Dungeon |   2743 |   2636 |    107 |    463 |   1833 |   3 |  914.3 |
               +--------+--------+--------+--------+--------+-----+--------+

Top non-repeatable levels by time:
     D:2: 1089 daAuts
     D:1: 946 daAuts
     D:3: 707 daAuts
